Map: Orbital Shipyard

Players

Miszu - Winner!

  • Race: Terran Terran
  • League: Master

KrisKodi

  • Race: Terran Terran
  • League: Silver

VOD

Have the link to the VOD?

Description

Time

  • Played on: March 11, 2016, 12:18 p.m.
  • Length: 3:26
Show
View Real Time Build Order
Export as new Build Order

Miszu Terran - Winner!

Build Orders:  

Get SALT Encoding   

  12  0:00  SCV  
  13  0:12  SCV  
  14  0:17  Supply Depot  
  14  0:24  SCV  
  15  0:37  Refinery  
  15  0:38  SCV  
  16  0:47  Barracks  
  16  0:59  Barracks  
  16  1:05  SCV  
  17  1:18  SCV  
  18  1:30  SCV  
  19  1:34  Reaper  
  19  1:35  Barracks  
  20  1:46  Reaper  
  21  1:47  Refinery  
  21  1:52  Barracks  
  21  2:01  Supply Depot  
  21  2:06  Reaper  
  22  2:09  SCV  
  23  2:23  Reaper, SCV  
  25  2:33  Reaper  
  25  2:35  SCV  
  27  2:42  Reaper  
  28  2:47  Orbital Command  
  29  3:14  SCV  
  29  3:18  Supply Depot  
Show
View Real Time Build Order
Export as new Build Order

KrisKodi Terran 

Build Orders:  

Get SALT Encoding   

  12  0:01  SCV  
  13  0:13  SCV  
  14  0:18  Supply Depot  
  14  0:25  SCV  
  15  0:31  Refinery  
  15  0:42  Barracks  
  15  0:46  SCV  
  16  1:02  Barracks  
  16  1:06  SCV  
  17  1:19  SCV  
  18  1:30  Supply Depot, Reaper  
  19  1:34  SCV  
  20  1:48  Marine  
  20  1:50  Orbital Command  
  21  1:56  Factory  
  21  2:06  Marine  
  21  2:08  Refinery  
  19  2:35  Marine  
  17  2:42  Marine  
  13  2:53  Marine  
  11  3:00  Marine  
Tags
 
Add a new tag
Caveats
  • Supply blocks, unpowered buildings, or Contaminate may cause inaccurate times.
  • Supply counts are checked every 10 seconds.